 Dungeon Crawl Stone Soup version 0.30-a0-414-gcb316572d5 (webtiles) character file.

Game seed: 15469658671761864901

826 Alacron the Cleaver (level 7, -7/59 HPs)
             Began as a Minotaur Berserker on Dec 7, 2022.
             Was a Believer of Trog.
             Mangled by a large slime creature (18 damage)
             ... on level 6 of the Dungeon.
             The game lasted 00:16:59 (3718 turns).

Alacron the Cleaver (Minotaur Berserker)            Turns: 3718, Time: 00:16:59

Health: -7/59      AC: 14    Str: 22 (23) XL:     7   Next: 64%
Magic:  6/6        EV:  6    Int:  3 (4)  God:    Trog [**....]
Gold:   335        SH:  2    Dex:  8 (10) Spells: 6/6 levels left

rFire   . . .      SeeInvis .    v - +0 broad axe
rCold   . . .      Faith    .    a - +0 buckler
rNeg    + . .      Spirit   .    f - +1 plate armour
rPois   +          Reflect  .    (helmet restricted)
rElec   .          Harm     .    n - +0 cloak of the Lusting Gods {Fly rPois rN+}
rCorr   .          Rampage  .    (no gloves)
Will    ++...                    r - +0 pair of boots
Stlth   ..........               (no amulet)
HPRegen 1.29/turn                (no ring)
MPRegen 0.10/turn                (no ring)

@: strong-willed (expiring), on berserk cooldown, flying, regenerating
(expiring)
A: horns 2, retaliatory headbutt
a: Renounce Religion, Berserk, Trog's Hand


You were on level 6 of the Dungeon.
You worshipped Trog.
Trog was pleased with you.
You visited 1 branch of the dungeon, and saw 6 of its levels.

You collected 335 gold pieces.

Inventory:

Hand Weapons
 h - a +2 quarterstaff of chaos
 v - a +0 broad axe (weapon)
Armour
 a - a +0 buckler (worn)
 f - a +1 plate armour (worn)
 n - the +0 cloak of the Lusting Gods (worn) {Fly rPois rN+}
   (You acquired it on level 4 of the Dungeon)

   rPois:     It protects you from poison.
   rN:        It protects you from negative energy.
   Fly:       It grants you flight.
 r - a +0 pair of boots (worn)
Scrolls
 b - 2 scrolls of teleportation
 e - a scroll of butterflies
 g - a scroll of noise
 k - a scroll of immolation
Potions
 c - a potion of degeneration
 d - a potion of resistance {unknown}
 i - 2 potions of curing {unknown}
 j - a potion of invisibility {unknown}
 l - a potion of haste {unknown}
 m - a potion of lignification {unknown}
 o - a potion of flight {unknown}
 p - 2 potions of brilliance
 u - a potion of might {unknown}
 w - 2 potions of mutation {unknown}


   Skills:
 - Level 4.0 Fighting
 + Level 10.3 Axes
 - Level 2.4 Staves
 - Level 2.5 Armour
 - Level 2.3 Dodging
 - Level 0.8 Stealth


You had 6 spell levels left.
You didn't know any spells.
Your spell library was empty.

Dungeon Overview and Level Annotations

Branches:
Dungeon (6/15)
 Temple: D:4-7

Altars:
Cheibriados
The Shining One


Innate Abilities, Weirdness & Mutations

You have a pair of horns on your head.
You reflexively headbutt those who attack you in melee.


Message History

Your headbutt misses the slime creature.
The slime creature is lightly wounded.
The slime creature hits you but does no damage.
You slice the slime creature!!
The slime creature is heavily wounded.
The slime creature hits you!
Your skin crawls.
You feel strong-willed. The slime creature hits you.
Things that are here:
a +0 dagger; 2 stones The slime creature attacks as you move away!
The slime creature hits you!
* * * LOW HITPOINT WARNING * * *
You hit the slime creature but do no damage.
The slime creature is moderately wounded.
You block the slime creature's attack.
You barely miss the slime creature. You headbutt the slime creature!
The slime creature is heavily wounded.
The slime creature hits you.
* * * LOW HITPOINT WARNING * * *
You slash the slime creature!
The slime creature is severely wounded.
The slime creature hits you but does no damage.
You hit the slime creature.
The slime creature is severely wounded.
You feel the effects of Trog's Hand fading.
The slime creature hits you.
* * * LOW HITPOINT WARNING * * *
The slime creature hits you but does no damage.
You slash the slime creature!
The slime creature is almost dead.
The slime creature hits you but does no damage.
Two slime creatures merge to form a large slime creature.
You hit the large slime creature.
You headbutt the large slime creature, but do no damage.
The large slime creature is heavily wounded.
The large slime creature attacks as you move away!
The large slime creature hits you!!
You die...

####### #######
##########......#
......###......##J..PPJ.#
###.#.##.......#J#...J..#
#...'........#J#JJPPP÷#
##..'........#.#.÷..÷÷#
##.'......#'#J#J.PPP.#
#.##.....#.#@#..JJJ.#
#####.[..#.#.#JPP.÷P#
#######.##.....!# ###
########


You could see a large slime creature, a slime creature and 2 jellies.

Vanquished Creatures
  The ghost of bande the Covered, an amateur GrFi (D:3)
  Sigmund (D:2)
  2 kobold brigands (D:6)
  2 hounds
  Crazy Yiuf (D:2)
  2 iguanas
  Terence (D:2)
  3 orc wizards
  4 adders
  A worm (D:2)
  2 dart slugs
  8 orcs
  6 endoplasms
  2 giant cockroaches
  3 goblins
  8 hobgoblins
  3 quokkas
  5 ball pythons
  4 bats
  3 frilled lizards
  14 kobolds
  7 rats
83 creatures vanquished.

Vanquished Creatures (others)
  3 fungi (D:6)
  5 toadstools (D:6)
8 creatures vanquished.

Grand Total: 91 creatures vanquished

Notes
Turn   | Place    | Note
-------+----------+-------------------------------------------
     0 | D:1      | Alacron the Minotaur Berserker began the quest for the Orb.
     0 | D:1      | Reached XP level 1. HP: 19/19 MP: 0/0
   166 | D:1      | Reached XP level 2. HP: 8/27 MP: 1/1
   275 | D:1      | Reached skill level 4 in Axes
   341 | D:1      | You fall into a shaft and drop 1 floor!
   489 | D:2      | Found a runed translucent door.
   490 | D:2      | Noticed Crazy Yiuf
   606 | D:2      | Reached XP level 3. HP: 33/33 MP: 2/2
   612 | D:2      | Noticed Sigmund
   621 | D:2      | Killed Sigmund
   622 | D:2      | Reached skill level 7 in Axes
   622 | D:2      | Reached XP level 4. HP: 40/40 MP: 3/3
   622 | D:2      | Reached XP level 5. HP: 46/46 MP: 4/4
   623 | D:2      | Noticed Terence
   629 | D:2      | Killed Terence
  1007 | D:2      | Reached ** piety under Trog
  1404 | D:2      | Killed Crazy Yiuf
  1405 | D:2      | Reached XP level 6. HP: 35/52 MP: 5/5
  1512 | D:3      | Reached skill level 8 in Axes
  1592 | D:3      | Found a transporter.
  1595 | D:3      | Found a transporter.
  1595 | D:3      | Noticed bande's ghost (amateur GrFi)
  1664 | D:3      | Killed bande's ghost
  1665 | D:3      | Reached skill level 1 in Staves
  1667 | D:3      | Reached skill level 9 in Axes
  1669 | D:3      | Reached XP level 7. HP: 59/59 MP: 6/6
  3032 | D:4      | Found a glowing golden altar of the Shining One.
  3032 | D:4      | Found a snail-covered altar of Cheibriados.
  3045 | D:4      | Reached *** piety under Trog
  3398 | D:4      | Identified a scroll of acquirement
  3398 | D:4      | Acquired the +0 cloak of the Lusting Gods {Fly rPois rN+}
  3523 | D:5      | Entered Level 5 of the Dungeon
  3648 | D:6      | Reached skill level 10 in Axes
  3700 | D:6      | Noticed a slime creature
  3701 | D:6      | Noticed a slime creature
  3701 | D:6      | Noticed a slime creature
  3718 | D:6      | Mangled by a large slime creature

Illustrated notes

Levels and vault maps discovered:
D:1:      dpeg_arrival_ternary, layout_rooms
D:2:      layout_basic, roderic_three_in_a_row, uniq_crazy_yiuf_cottage,
          uniq_sigmund, uniq_terence
D:3:      layout_loops_corners, gammafunk_ghost_arena, kennysheep_generic_room_6
D:4:      layout_loops_ring, jmf_multi_god_temple, serial_rivers,
          chequers_serial_rivers_micro_b, chequers_serial_rivers_micro_a,
          chequers_serial_rivers_micro_a, chequers_serial_rivers_large_b,
          chequers_serial_rivers_small_3, chequers_serial_rivers_micro_e
D:5:      kb_forest_paths, layout_basic, nicolae_ossuary_entry_false_entrances,
          portal_sewer_entry_d
D:6:      cheibrodos_fertilizer, layout_loops_ring, gammafunk_ghost_cemetery,
          minmay_holes, minmay_microvault

Skill      XL: |  1  2  3  4  5  6  7 |
---------------+----------------------+-----
Axes           | 4 7 9 10 | 10.3
Fighting       | 4 |  4.0
Staves         | 1 2 |  2.4
Armour         | |  2.5
Dodging        | |  2.3
Stealth        | |  0.8

Action                   |  1- 3 |  4- 6 |  7- 9 || total
-------------------------+-------+-------+-------++-------
Melee: Hand axe          |    52 |    36 |       ||    88
       Headbutt          |     4 |     8 |    11 ||    23
       Punch             |       |     1 |       ||     1
       Quarterstaff      |       |    15 |    45 ||    60
       Broad axe         |       |       |    44 ||    44
Invok: Berserk           |     2 |     2 |     1 ||     5
       Trog's Hand       |       |       |     1 ||     1
  Use: Scroll            |       |       |     9 ||     9
       Potion            |       |       |     1 ||     1
Armor: Plate armour      |    21 |    32 |    48 ||   101
       Animal skin       |     2 |       |       ||     2
Dodge: Dodged            |    22 |    16 |    29 ||    67
Block: Buckler           |       |       |     4 ||     4

Table legend: (Time is in decaauts)
 A = Elapsed time spent in this place.
 B = Non-inter-level travel time spent in this place.
 C = Inter-level travel time spent in this place.
 D = Time resting spent in this place.
 E = Time spent auto-exploring this place.
 F = Levels seen in this place.
 G = Mean time per level.
                   A        B        C        D        E       F      G
               +--------+--------+--------+--------+--------+-----+--------+
         Total |   3827 |   3593 |    234 |      0 |   2870 |   6 |  637.8 |
       Dungeon |   3827 |   3593 |    234 |      0 |   2870 |   6 |  637.8 |
               +--------+--------+--------+--------+--------+-----+--------+

Top non-repeatable levels by time:
     D:2: 1167 daAuts
     D:3: 1130 daAuts
     D:4: 956 daAuts
     D:1: 358 daAuts
     D:6: 138 daAuts
     D:5: 76 daAuts
